AoeStats
← Voobly

Coastal Forest

510411359Analyzed
4v4 RM · 21h ago on Sep 30, 2026· 55m 15s· 8 players
Game mode
Random Map
Map size
Large (8 player)
Population
200
Speed
Normal
Resources
Standard
Victory
Conquest
Starting age
Dark Age
Ending age
Imperial Age
RankedLock teamsTeams togetherTeam positionsShared explorationLock speedFull tech treeHidden civsTurbo modeCheats
Victory
Defeat
🇱🇺 Burgundians · Luxembourg
903
+15
🇵🇪 Khmer · Peru
839
+18
🇦🇷 Huns · Argentina
784
+20
🇵🇪 Vikings · Peru
724
+22
🇬🇹 Khmer · Guatemala
939
-21
🇩🇴 Danes · Dominican Republic
893
-20
🇲🇽 Spanish · Mexico
853
-18
🇺🇸 Cumans · United States
799
-16
Iceman
0:36 Loom
13:08 Feudal Age
17:45 Castle Age
16:17 Double-Bit Axe
17:01 Gold Mining
17:03 Stone Mining
17:26 Horse Collar
20:10 Bow Saw
29:39 Fortified Wall
35:16 Heavy Plow
35:53 Stone Shaft Mining
38:44 Imperial Age
35:58 Pikeman
36:24 Arson
36:40 Squires
36:26 Gambesons
hamiltonjd15
0:38 Loom
11:06 Feudal Age
11:47 Double-Bit Axe
12:43 Wheelbarrow
11:55 Horse Collar
18:59 Town Watch
23:23 Castle Age
21:30 Stone Mining
21:39 Gold Mining
25:13 Hand Cart
25:15 Bow Saw
25:08 Heavy Plow
25:54 Gold Shaft Mining
27:49 Fletching
32:54 Imperial Age
42:49 Two-Man Saw
42:37 Padded Archer Armor
42:33 Bodkin Arrow
42:45 Scale Barding Armor
42:51 Forging
42:15 Elite Kipchak
Mandark39
8:22 Loom
12:42 Feudal Age
17:17 Castle Age
15:16 Double-Bit Axe
15:15 Horse Collar
21:06 Bow Saw
31:17 Squires
37:40 Imperial Age
35:45 Wheelbarrow
34:56 Town Watch
39:17 Fletching
39:28 Scale Mail Armor
39:39 Forging
39:02 Elite Varangian Guard
41:50 Chain Mail Armor
42:11 Iron Casting
41:53 Onager
43:38 Masonry
43:34 Siege Engineers
43:51 Ballistics
43:21 Siege Onager
Muerto de Hambre
6:48 Loom
11:02 Feudal Age
16:32 Castle Age
14:50 Double-Bit Axe
16:05 Fishing Lines
16:11 Horse Collar
21:18 Fervor
30:30 Imperial Age
28:36 Wheelbarrow
30:37 Hand Cart
31:28 Gold Mining
31:29 Stone Mining
31:02 Heavy Scorpion
32:02 Bow Saw
32:44 Ballistics
35:42 Stone Shaft Mining
35:44 Gold Shaft Mining
36:31 Chemistry
36:26 Heavy Plow
36:58 Double Crossbow
37:19 Conscription
37:31 Fortified Wall
Voobly
6:42 Double-Bit Axe
14:11 Feudal Age
13:22 Horse Collar
14:37 Gold Mining
15:02 Bow Saw
15:31 Heavy Plow
20:43 Castle Age
19:59 Gold Shaft Mining
19:49 Stone Mining
20:51 Forging
20:53 Scale Barding Armor
22:12 Crop Rotation
22:03 Husbandry
24:09 Two-Man Saw
22:37 Cavalier
26:38 Iron Casting
27:37 Chain Barding Armor
34:38 Caravan
35:39 Wheelbarrow
35:59 Fletching
36:10 Scale Mail Armor
37:42 Hand Cart
37:15 Loom
40:08 Imperial Age
40:15 Paladin
40:15 Light Cavalry
41:18 Treadmill Crane
43:06 Blast Furnace
42:41 Plate Barding Armor
God Ganesh
1:01 Loom
14:35 Feudal Age
14:59 Horse Collar
16:04 Double-Bit Axe
17:01 Gold Mining
21:12 Castle Age
21:56 Heavy Plow
22:29 Bow Saw
27:32 Imperial Age
27:41 Wheelbarrow
28:36 Caravan
29:19 Gold Shaft Mining
30:19 Hand Cart
29:52 Town Watch
31:21 Town Patrol
32:11 Crop Rotation
32:52 Double Crossbow
35:05 Chemistry
34:05 Heavy Scorpion
35:32 Heated Shot
46:59 Onager
53:35 Spies/Treason
Wolf-Salomon
10:54 Feudal Age
11:36 Double-Bit Axe
14:47 Horse Collar
15:57 Wheelbarrow
19:05 Loom
19:18 Stone Mining
21:54 Castle Age
21:01 Gold Mining
21:31 Bloodlines
22:17 Town Watch
22:36 Husbandry
22:02 Light Cavalry
22:58 Heavy Plow
23:56 Bow Saw
25:32 Forging
26:08 Hand Cart
28:18 Iron Casting
28:08 Scale Barding Armor
29:02 Town Patrol
29:34 Fletching
30:09 Gold Mining
32:54 Gold Shaft Mining
36:36 Imperial Age
36:05 Coinage
36:20 Marauders
37:35 Chain Barding Armor
38:28 Two-Man Saw
38:41 Conscription
39:37 Caravan
40:11 Banking
40:44 Blast Furnace
40:29 Guilds
41:27 Plate Barding Armor
44:16 Elite Tarkan
46:46 Bodkin Arrow
47:15 Ballistics
47:07 Masonry
50:13 Spies/Treason
DavidxGabriel
0:35 Loom
18:26 Feudal Age
23:32 Castle Age
22:00 Double-Bit Axe
22:25 Town Watch
23:40 Gold Mining
23:43 Stone Mining
25:10 Bow Saw
26:28 Fletching
28:01 Town Patrol
29:02 Ballistics
30:15 Bodkin Arrow
33:10 Padded Archer Armor
33:20 Treadmill Crane
34:34 Murder Holes
36:18 Gold Shaft Mining
41:08 Imperial Age
38:45 Horse Collar
39:51 Forging
39:57 Leather Archer Armor
40:27 Elite Skirmisher
41:15 Chieftains
42:18 Iron Casting
41:44 Scale Mail Armor
42:06 Bracer
42:10 Squires
42:12 Caravan
41:35 Onager
42:30 Fortified Wall
43:42 Two-Man Saw
45:43 Blast Furnace
44:57 Siege Engineers
45:53 Chemistry
45:28 Ring Archer Armor
45:14 Chain Mail Armor
45:07 Heavy Plow
46:31 Heavy Scorpion
49:05 Plate Mail Armor
48:22 Arrowslits
48:48 Masonry
Connection lost

Rejoining the realm…

Still unreachable

The connection could not be restored.

Session expired

The server has moved on; the page needs a fresh start.